AoeStats
← drloving3

Arabia

509752245Analyzed
1v1 RM · 3d ago on Sep 27, 2026· 36m 40s· 2 players
Game mode
Random Map
Map size
Tiny (2 player)
Population
200
Speed
Normal
Resources
Standard
Victory
Conquest
Starting age
Dark Age
Ending age
Imperial Age
RankedLock teamsTeams togetherTeam positionsShared explorationLock speedFull tech treeHidden civsTurbo modeCheats
Victory
Defeat
🇺🇸 Gurjaras · United States
1155
+15
🇺🇸 Varangians · United States
1144
-15
drloving3
6:10 Loom
9:22 Feudal Age
9:43 Man-at-Arms
10:35 Arson
15:16 Horse Collar
21:32 Wheelbarrow
27:54 Castle Age
25:53 Double-Bit Axe
26:41 Scale Barding Armor
26:48 Bloodlines
26:57 Gold Mining
27:31 Forging
27:25 Scale Mail Armor
28:34 Forging
28:40 Husbandry
35:56 Hand Cart
McLovin44666
6:46 Loom
9:17 Feudal Age
10:15 Double-Bit Axe
10:56 Man-at-Arms
17:52 Horse Collar
18:21 Fletching
25:12 Castle Age
25:15 Crossbowman
26:01 Thumb Ring
25:52 Bodkin Arrow
25:58 Padded Archer Armor
27:02 Wheelbarrow
26:13 Town Watch
30:03 Hand Cart
36:36 Imperial Age
36:44 Murder Holes
37:01 Bow Saw
Connection lost

Rejoining the realm…

Still unreachable

The connection could not be restored.

Session expired

The server has moved on; the page needs a fresh start.